 Dungeon Crawl Stone Soup version 0.31-a0-210-gccc998df9b (webtiles) character file.

Game seed: 2200795686433054662

54 Ijustatesigmund the Stinger (level 3, -2/23 HPs)
             Began as an Octopode Venom Mage on June 29, 2023.
             Slain by a gnoll
             ... wielding a +0 spear
              (5 damage)
             ... on level 2 of the Dungeon.
             The game lasted 00:02:11 (1046 turns).

Ijustatesigmund the Stinger (Octopode Venom Mage)   Turns: 1046, Time: 00:02:12

Health: -2/23      AC:  1    Str:  7    XL:     3   Next: 91%
Magic:  6/6        EV: 13    Int: 19    God:
Gold:   59         SH:  0    Dex: 12    Spells: 1/7 levels left

rFire   . . .        c - +0 long sword
rCold   . . .        (no shield)
rNeg    . . .        (helmet restricted)
rPois   .            (no amulet)
rElec   .            (no ring)
rCorr   .            (no ring)
SInv    .            (no ring)
Will    .....        (no ring)
Stlth   +++          (no ring)
HPRegen 0.23/turn    (no ring)
MPRegen 0.10/turn    (no ring)
                     (no ring)

%: no passive effects
@: no status effects
A: almost no armour, amphibious, 8 rings, camouflage 1, gelatinous body 1,
(nimble swimmer 1), tentacles
a: no special abilities


You were on level 2 of the Dungeon.
You visited 1 branch of the dungeon, and saw 2 of its levels.

You collected 59 gold pieces.

Inventory:

Hand Weapons
 c - a +0 long sword (weapon)
Scrolls
 b - a scroll of enchant armour
Potions
 a - a potion of magic
 d - 2 potions of curing {unknown}
 f - a potion of enlightenment


   Skills:
 + Level 1.4 Fighting
 - Level 2.0 Dodging
 - Level 2.6 Stealth
 + Level 2.5 Spellcasting
 + Level 0.5 Conjurations
 - Level 1.0 Transmutations
 + Level 1.1 Air Magic
 + Level 4.2 Poison Magic


You had one spell level left.
You knew the following spells:

 Your Spells              Type           Power      Damage    Failure   Level
a - Sting                 Tmut/Pois      48%        1d5       5%          1
b - Poisonous Vapours     Pois/Air       24%        N/A       8%          2
c - Mephitic Cloud        Conj/Pois/Air  9%         N/A       22%         3

Your spell library contained the following spells:

 Spells                   Type           Power      Damage    Failure   Level
 Shock                    Conj/Air       20%        1d4       11%         1
 Olgreb's Toxic Radiance  Pois           18%        N/A       28%         4
 Swiftness                Air            6%         N/A       30%         3
 Airstrike                Air            3%         2d(1-17)  69%         4


Dungeon Overview and Level Annotations

Branches:
Dungeon (2/15)

Altars:


Innate Abilities, Weirdness & Mutations

You cannot wear most types of armour.
You are amphibious.
You can wear up to eight rings at the same time.
Your skin changes colour to match your surroundings (Stealth+).
Your rubbery body absorbs attacks. (AC +1, EV +1)
((You are camouflaged when in or above water. (Stealth+)))
You have tentacles for arms and can constrict up to eight enemies at once.


Message History

No target in view!
No target in view!
No target in view!
No target in view!
Found a chain mail.
You see here a +0 chain mail.
You see here a +0 short sword.
A hobgoblin comes into view.
A gnoll and a rat come into view.
Found a stone staircase leading up.
The gnoll hits you from afar with a +0 spear.
The gnoll closely misses you.
The hobgoblin shouts!
You slash the rat!
You kill the rat!
You hear a shout! x3
A gnoll comes into view. It is wielding a +0 halberd.
The hobgoblin hits you.
The gnoll hits you from afar with a +0 spear.
You barely miss the hobgoblin. Your grab misses the hobgoblin.
The hobgoblin misses you. The gnoll barely misses you.
Something hits the bush.
You closely miss the hobgoblin. Your grab misses the hobgoblin.
The hobgoblin barely misses you.
Something hits the bush.
The gnoll closely misses you.
Something hits the bush.
The gnoll closely misses you.
Something hits the bush but does no damage.
A gnoll comes into view. It is wielding a +0 flail.
The hobgoblin barely misses you.
The gnoll hits you from afar with a +0 spear.
The hobgoblin attacks as you move away! The hobgoblin hits you.
* * * LOW HITPOINT WARNING * * *
A gnoll comes into view. It is wielding a +0 spear.
As you read the scroll labelled POXTAL MYSSO, it crumbles to dust.
It is a scroll of amnesia.
Really abort (and waste the scroll)?
Okay, then.
The hobgoblin hits you.
* * * LOW HITPOINT WARNING * * *
The gnoll hits you from afar with a +0 spear.
You die...

.P♣ #.# ♣♣♣P....# .P♣♣ #.#
♣.PP...## ...## #.####
♣.♣.P.### ....# #.#..#
♣♣♣## ....##♣#♣.#.##
)...♣.....♣.### #####
.(....♣.♣)..#.# ##...##
#..♣÷♣...♣.♣..####g....#.#
#......♣......#.@gg.†..<.#
...♣.♣...♣.♣#...##......##
......♣.♣..####.###.g...#
....♣.....♣# #.# ###...#
......♣#♣## #.# ♣g♣♣
......# #.# .♣ ......# #.#
P #..P..# #.# P♣ #..P.##
.#


You could see 4 gnolls and a hobgoblin.

Vanquished Creatures
  2 adders (D:2)
  A worm (D:2)
  A dart slug (D:1)
  2 ball pythons
  3 endoplasms
  2 hobgoblins (D:1)
  3 jackals (D:1)
  A quokka (D:2)
  6 bats
  3 frilled lizards
  3 kobolds
  6 rats
33 creatures vanquished.

Notes
Turn   | Place    | Note
-------+----------+-------------------------------------------
     0 | D:1      | Ijustatesigmund the Octopode Venom Mage began the quest for
                  | the Orb.
     0 | D:1      | Reached XP level 1. HP: 11/11 MP: 3/3
   145 | D:1      | Reached XP level 2. HP: 18/18 MP: 5/5
   164 | D:1      | Learned a level 2 spell: Poisonous Vapours
   226 | D:1      | Reached skill level 1 in Fighting
   242 | D:1      | Reached skill level 4 in Poison Magic
   381 | D:1      | Found a faded altar of an unknown god.
   486 | D:2      | Reached XP level 3. HP: 23/23 MP: 3/6
   495 | D:2      | Learned a level 3 spell: Mephitic Cloud
   713 | D:2      | Reached skill level 1 in Air Magic
  1046 | D:2      | Slain by a gnoll

Illustrated notes

Levels and vault maps discovered:
D:1:      heliophobic_arrival_henge, layout_rooms, basic_ecumenical_altar
D:2:      layout_loops_ring, serial_forest, infiniplex_forest_clump_curved,
          infiniplex_forest_clump_tiny, infiniplex_forest_clump_cross,
          infiniplex_forest_clump_small, infiniplex_forest_corner_1,
          infiniplex_forest_straight_4, infiniplex_forest_lined_ring,
          uniq_crazy_yiuf_cottage

Skill      XL: |  1  2  3 |
---------------+----------+-----
Fighting       | 1 |  1.4
Poison Magic   | 4 |  4.2
Air Magic      | 1 |  1.1
Dodging        | |  2.0
Stealth        | |  2.6
Spellcasting   | |  2.5
Conjurations   | |  0.5
Transmutations | |  1.0

Action                     || total
---------------------------++-------
  Melee: Short sword       ||    39
         Unarmed           ||    10
         Tentacles         ||    17
         Constrict         ||    18
         Long sword        ||    22
   Cast: Poisonous Vapours ||     2
    Use: Scroll            ||     5
   Stab: Sleeping          ||     7
 Armour: Skin              ||     7
  Dodge: Dodged            ||    59

Table legend: (Time is in decaauts)
 A = Elapsed time spent in this place.
 B = Non-inter-level travel time spent in this place.
 C = Inter-level travel time spent in this place.
 D = Time resting spent in this place.
 E = Time spent auto-exploring this place.
 F = Levels seen in this place.
 G = Mean time per level.
                   A        B        C        D        E       F      G
               +--------+--------+--------+--------+--------+-----+--------+
         Total |   1053 |   1031 |     22 |      0 |    770 |   2 |  526.5 |
       Dungeon |   1053 |   1031 |     22 |      0 |    770 |   2 |  526.5 |
               +--------+--------+--------+--------+--------+-----+--------+

Top non-repeatable levels by time:
     D:2: 619 daAuts
     D:1: 434 daAuts
